Map: Romanticide LE

Players

LiquidMaNa (MaNa)

  • Race: Protoss Protoss
  • League: Grandmaster
  • Spawn Location: 5:00

Geralt (Gerald) - Winner!

  • Race: Protoss Protoss
  • League: Grandmaster
  • Spawn Location: 11:00

Event: DreamHack SC2 Masters 2020 Winter

VOD

Have the link to the VOD?

Description

Time

  • Played on: Nov. 1, 2020, 10:15 a.m.
  • Length: 14:46

All games in this series

Show
View Real Time Build Order
Export as new Build Order

LiquidMaNa Protoss 

Build Orders:  

Get SALT Encoding   

  12  0:00  Probe  
  13  0:12  Probe  
  14  0:16  Pylon  
  14  0:24  Probe (Chrono Boost)  
  15  0:36  Probe (Chrono Boost)  
  15  0:37  Gateway  
  16  0:44  Probe (Chrono Boost)  
  16  0:46  Assimilator  
  17  0:51  Probe  
  17  0:54  Assimilator  
  18  1:03  Probe (Chrono Boost)  
  19  1:07  Gateway  
  19  1:12  Probe (Chrono Boost)  
  19  1:17  Probe (Chrono Boost)  
  20  1:25  Cybernetics Core  
  21  1:30  Probe  
  22  1:35  Pylon  
  22  1:42  Probe  
  23  1:55  Probe  
  23  2:00  Warp Gate (Chrono Boost)  
  23  2:01  Stalker x2  
  28  2:15  Pylon  
  28  2:28  Pylon  
  28  2:31  Stalker  
  28  2:34  Stalker  
  32  2:49  Pylon  
  31  2:52  Shield Battery  
  31  2:56  Probe  
  36  3:09  Probe  
  37  3:16  Nexus  
  33  3:21  Probe  
  34  3:27  Shield Battery  
  33  3:37  Probe  
  34  3:44  Adept x2  
  38  3:49  Probe  
  38  3:50  Pylon  
  39  4:00  Twilight Council  
  39  4:08  Probe (Chrono Boost), Sentry x2  
  44  4:14  Robotics Facility  
  45  4:18  Probe (Chrono Boost)  
  45  4:23  Probe  
  45  4:24  Phoenix  
  45  4:29  Probe  
  45  4:35  Probe (Chrono Boost)  
  46  4:41  Probe (Chrono Boost)  
  46  4:42  Blink  
  47  4:47  Probe (Chrono Boost)  
  47  4:52  Probe (Chrono Boost)  
  47  4:55  Probe (Chrono Boost)  
  47  4:56  Forge  
  47  4:57  Probe (Chrono Boost)  
  49  5:01  Observer, Probe  
  49  5:04  Stalker  
  53  5:07  Probe  
  55  5:14  Probe (Chrono Boost)  
  55  5:19  Probe (Chrono Boost)  
  57  5:29  Nexus  
  57  5:31  Probe x2 (Chrono Boost)  
  57  5:36  Probe (Chrono Boost)  
  57  5:38  Assimilator, Protoss Ground Weapons Level 1 (Chrono Boost), Probe (Chrono Boost)  
  59  5:46  Probe  
  59  5:48  Gateway  
  60  5:50  Gateway, Probe  
  60  5:53  Pylon  
  61  5:58  Probe  
  61  6:02  Pylon  
  62  6:05  Observer  
  62  6:08  Pylon  
  62  6:11  Probe  
  62  6:12  Probe  
  62  6:16  Gateway  
  62  6:17  Gateway  
  64  6:22  Photon Cannon  
  64  6:23  Probe  
  64  6:24  Probe  
  66  6:29  Stalker  
  67  6:33  Stalker  
  67  6:35  Probe (Chrono Boost)  
  67  6:37  Probe (Chrono Boost)  
  71  6:45  Stalker  
  71  6:46  Stalker  
  77  6:47  Probe (Chrono Boost)  
  77  6:48  Probe (Chrono Boost)  
  77  6:53  Probe (Chrono Boost)  
  76  6:56  Probe (Chrono Boost)  
  76  6:58  Stalker x2, Probe  
  76  7:01  Phoenix  
  80  7:05  Charge, Observer  
  80  7:06  Probe x2  
  83  7:11  Dark Shrine  
  83  7:14  Probe  
  84  7:18  Probe  
  84  7:20  Stalker  
  84  7:21  Stalker  
  89  7:23  Probe  
  89  7:25  Pylon  
  89  7:26  Probe  
  91  7:30  Observer  
  91  7:31  Probe  
  91  7:35  Probe  
  91  7:36  Assimilator x2  
  94  7:40  Protoss Ground Weapons Level 2 (Chrono Boost)  
  94  7:42  Gateway  
  94  7:43  Gateway  
  94  7:50  Stalker x2, Sentry x2  
  102  7:54  Stalker  
  104  8:04  Stalker  
  106  8:06  Warp Prism (Chrono Boost)  
  106  8:07  Photon Cannon  
  106  8:09  Pylon  
  108  8:14  Probe  
  109  8:25  Pylon  
  109  8:27  Nexus, Pylon  
  109  8:28  Pylon  
  109  8:42  Pylon  
  109  8:44  Pylon x2  
  109  8:45  Dark Templar x2  
  109  8:46  Pylon  
  109  8:47  Dark Templar  
  115  8:51  Observer  
  97  9:02  Stalker x2  
  97  9:03  Stalker x3  
  105  9:14  Probe x3  
  105  9:16  Shield Battery  
  108  9:18  Sentry  
  108  9:23  Stalker x2  
  114  9:26  Probe  
  114  9:27  Immortal  
  119  9:32  Stalker x2  
  115  9:45  Stalker x4  
  119  9:51  Stalker x2  
  122  10:04  Immortal (Chrono Boost)  
  124  10:09  Stalker x3  
  124  10:10  Stalker  
  132  10:18  Zealot x4  
  140  10:29  Probe x3  
  140  10:30  Probe  
  140  10:33  Protoss Ground Weapons Level 3 (Chrono Boost)  
  140  10:34  Zealot x4  
  152  10:36  Observer (Chrono Boost)  
  152  10:41  Probe x2  
  152  10:42  Probe x2  
  157  10:51  Photon Cannon  
  157  10:53  Probe, Immortal  
  157  10:54  Probe x2  
  164  11:00  Shadow Stride  
  164  11:03  Dark Templar x3  
  170  11:08  Assimilator  
  170  11:10  Shield Battery  
  170  11:12  Assimilator  
  170  11:18  Nexus  
  170  11:21  Observer  
  168  11:37  Pylon  
  168  11:49  Pylon  
  168  11:56  Observer (Chrono Boost)  
  168  11:57  Pylon  
  168  11:59  Gateway  
  168  12:00  Gateway  
  169  12:05  Nexus  
  169  12:06  Gateway x2  
  169  12:07  Stalker x6, Pylon  
  181  12:14  Observer (Chrono Boost)  
  180  12:31  Zealot x8  
  180  12:34  Observer  
  129  12:55  Zealot x10  
  129  12:57  Immortal  
  110  13:06  Dark Templar x2  
  86  13:22  Stalker x7  
  90  13:33  Probe x2  
  92  13:46  Stalker x4  
  100  13:50  Stalker x3  
  100  13:53  Stalker  
  104  13:56  Stalker  
  106  14:08  Stalker x3  
  104  14:23  Stalker x4  
Show
View Real Time Build Order
Export as new Build Order

Geralt Protoss - Winner!

Build Orders: Oracle Opening 

Get SALT Encoding   

  12  0:00  Probe  
  13  0:12  Probe  
  14  0:17  Pylon  
  14  0:24  Probe (Chrono Boost)  
  16  0:37  Gateway, Probe (Chrono Boost)  
  16  0:42  Probe (Chrono Boost)  
  16  0:45  Assimilator  
  17  0:52  Probe  
  17  0:54  Assimilator  
  19  1:04  Probe (Chrono Boost)  
  19  1:08  Gateway  
  19  1:14  Probe (Chrono Boost)  
  20  1:19  Probe (Chrono Boost)  
  20  1:25  Cybernetics Core  
  21  1:30  Probe  
  22  1:33  Pylon  
  22  1:43  Probe  
  23  1:55  Probe  
  24  2:01  Adept x2  
  24  2:07  Probe  
  29  2:14  Pylon  
  29  2:19  Probe  
  30  2:29  Pylon  
  30  2:31  Probe  
  30  2:36  Stalker x2  
  34  2:43  Probe  
  35  2:46  Shield Battery  
  35  2:55  Probe  
  35  2:56  Stargate  
  36  3:02  Shield Battery  
  36  3:17  Nexus  
  36  3:19  Probe  
  37  3:30  Warp Gate (Chrono Boost)  
  37  3:31  Probe  
  38  3:41  Oracle (Chrono Boost)  
  38  3:47  Pylon  
  39  3:51  Twilight Council  
  39  3:57  Probe  
  38  4:05  Stalker  
  38  4:06  Sentry  
  38  4:09  Probe  
  43  4:16  Forge  
  43  4:21  Probe  
  43  4:22  Shield Battery  
  44  4:31  Probe  
  45  4:35  Shield Battery  
  45  4:40  Probe  
  45  4:41  Blink (Chrono Boost)  
  45  4:43  Probe  
  47  4:47  Protoss Ground Weapons Level 1 (Chrono Boost)  
  47  4:52  Probe  
  48  4:55  Photon Cannon, Probe  
  49  5:04  Probe  
  50  5:07  Probe  
  50  5:09  Robotics Facility  
  50  5:11  Stalker  
  53  5:15  Stalker  
  53  5:16  Probe  
  53  5:18  Assimilator  
  53  5:19  Probe  
  57  5:24  Gateway  
  57  5:26  Gateway  
  57  5:38  Stalker  
  59  5:47  Nexus  
  59  5:48  Pylon  
  59  5:55  Probe  
  60  5:57  Pylon  
  60  5:58  Observer  
  61  6:05  Gateway  
  61  6:07  Gateway  
  61  6:11  Stalker x2  
  63  6:13  Probe  
  63  6:17  Probe  
  67  6:22  Shield Battery  
  67  6:27  Immortal  
  71  6:35  Probe x2  
  71  6:39  Protoss Ground Weapons Level 2 (Chrono Boost)  
  73  6:47  Pylon, Probe x2  
  75  6:59  Probe (Chrono Boost)  
  75  7:00  Probe x2 (Chrono Boost)  
  75  7:06  Robotics Bay, Stalker  
  75  7:07  Stalker x2  
  82  7:09  Probe (Chrono Boost)  
  82  7:10  Assimilator, Probe x2 (Chrono Boost)  
  82  7:15  Gateway  
  84  7:16  Probe  
  84  7:22  Probe  
  86  7:23  Gateway  
  86  7:24  Probe  
  86  7:27  Assimilator  
  86  7:28  Probe  
  88  7:30  Assimilator  
  88  7:34  Probe  
  88  7:35  Photon Cannon  
  89  7:38  Robotics Facility  
  89  7:40  Observer (Chrono Boost)  
  89  7:43  Probe  
  91  7:44  Probe  
  91  7:47  Probe  
  91  7:48  Pylon  
  91  7:49  Photon Cannon  
  93  7:51  Pylon  
  93  7:58  Stalker, Disruptor (Chrono Boost)  
  98  8:06  Photon Cannon  
  98  8:15  Pylon, Dark Shrine  
  98  8:25  Stalker x2  
  98  8:26  Stalker x4  
  110  8:29  Disruptor  
  113  8:36  Disruptor  
  112  8:53  Stalker x5  
  114  9:01  Stalker  
  114  9:02  Stalker  
  116  9:09  Protoss Ground Weapons Level 3 (Chrono Boost)  
  116  9:11  Pylon  
  116  9:13  Pylon  
  116  9:18  Nexus  
  116  9:21  Pylon  
  116  9:25  Probe  
  116  9:29  Probe  
  118  9:31  Pylon  
  118  9:33  Pylon  
  116  9:41  Stalker x5  
  126  9:50  Stalker x2  
  130  10:08  Stalker x3  
  130  10:09  Stalker x3  
  130  10:11  Disruptor  
  145  10:16  Probe x2  
  147  10:21  Disruptor  
  147  10:22  Probe  
  147  10:28  Probe x2  
  153  10:32  Phoenix (Chrono Boost)  
  153  10:34  Probe  
  153  10:35  Stalker x2  
  160  10:38  Probe  
  160  10:40  Probe x2  
  163  10:43  Photon Cannon, Shield Battery  
  163  10:47  Disruptor, Probe  
  167  11:01  Stalker x2  
  167  11:03  Probe  
  172  11:12  Pylon  
  172  11:14  Pylon  
  172  11:17  Assimilator  
  172  11:21  Assimilator, Pylon  
  172  11:22  Disruptor, Pylon  
  172  11:24  Pylon  
  155  11:40  Photon Cannon  
  155  11:43  Disruptor  
  155  11:44  Probe  
  155  11:45  Photon Cannon  
  159  11:49  Photon Cannon x2  
  159  11:50  Shield Battery  
  159  11:52  Photon Cannon  
  159  11:53  Photon Cannon  
  159  11:56  Dark Templar x2  
  159  11:57  Dark Templar x4  
  159  11:58  Disruptor (Chrono Boost)  
  174  12:04  Photon Cannon, Protoss Shields Level 1 (Chrono Boost)  
  174  12:05  Pylon  
  174  12:18  Photon Cannon  
  174  12:20  Photon Cannon  
  174  12:21  Photon Cannon  
  174  12:22  Shield Battery  
  174  12:23  Shield Battery  
  180  12:31  Colossus (Chrono Boost)  
  180  12:32  Colossus (Chrono Boost)  
  173  12:50  Stalker  
  166  12:51  Stalker x2  
  156  12:58  Dark Templar x3  
  156  12:59  Zealot x2  
  127  13:18  Observer (Chrono Boost)  
  115  13:21  Probe x2  
  115  13:25  Stalker x5, Observer (Chrono Boost)  
  117  13:33  Stalker  
  117  13:34  Stalker  
  121  13:36  Observer (Chrono Boost), Probe  
  121  13:37  Probe  
  123  13:41  Disruptor (Chrono Boost)  
  123  13:42  Probe  
  123  13:43  Probe  
  123  13:46  Photon Cannon  
  123  13:48  Photon Cannon  
  121  13:49  Probe x2  
  121  13:50  Photon Cannon  
  121  13:51  Photon Cannon  
  121  13:55  Photon Cannon  
  129  13:57  Shield Battery  
  129  14:09  Probe  
  127  14:10  Stalker x3  
  127  14:11  Stalker  
  127  14:15  Pylon  
  127  14:16  Pylon  
  119  14:24  Stalker x2  
  119  14:25  Stalker x2  
Tags
 
Add a new tag
Caveats
  • Supply blocks, unpowered buildings, or Contaminate may cause inaccurate times.
  • Supply counts are checked every 10 seconds.